 Dungeon Crawl Stone Soup version 0.20.0-9-g8272e65 (webtiles) character file.

1101 Darkell the Chiller (level 8, -1/54 HPs)
             Began as a Demonspawn Ice Elementalist on June 3, 2017.
             Slain by an ice beast (5 damage)
             ... on level 6 of the Dungeon.
             The game lasted 00:08:29 (6243 turns).

Darkell the Chiller (Demonspawn Ice Elementalist)   Turns: 6243, Time: 00:08:29

Health: -1/54      AC:  6    Str:  9    XL:     8   Next: 10%
Magic:  2/15       EV: 14    Int: 19    God:
Gold:   174        SH:  0    Dex: 13    Spells: 9/17 levels left

rFire    . . .     SeeInvis .   q - staff of conjuration
rCold    . . .     Gourm    .   (no shield)
rNeg     . . .     Faith    .   B - +0 robe (curse)
rPois    .         Spirit   .   (no helmet)
rElec    .         Reflect  .   (no cloak)
rCorr    .         Harm     .   d - +0 pair of gloves
MR       .....                  e - +0 pair of boots
Stlth    ++........             (no amulet)
Regen    0.2/turn               (no ring)
MPRegen  0.2/turn               (no ring)

@: no status effects
A: rugged brown scales 2, foul stench 1, powered by pain 1, rot immunity
a: no special abilities


You were on level 6 of the Dungeon.
You were hungry.

You visited 1 branch of the dungeon, and saw 6 of its levels.
You also visited: Sewer.

You collected 174 gold pieces.

Inventory:

Armour
 a - a +0 robe
 d - a +0 pair of gloves (worn)
 e - a +0 pair of boots (worn)
 B - a cursed +0 robe (worn)
Magical Staves
 q - an uncursed staff of conjuration (weapon)
Jewellery
 n - a -3 ring of slaying
 G - an uncursed amulet of guardian spirit {unknown}
Wands
 t - a wand of paralysis (14/24)
 u - a wand of polymorph (1/24)
 E - a wand of iceblast (6/15)
Scrolls
 f - 6 scrolls of identify
 g - 3 scrolls of fear
 h - a scroll of recharging
 l - a scroll of fog {unknown}
 m - 4 scrolls of remove curse
 p - a scroll of enchant armour {unknown}
 v - a scroll of amnesia {unknown}
 w - 3 scrolls of magic mapping {unknown}
 y - a scroll of enchant weapon
Potions
 j - 3 potions of haste
 k - a potion of brilliance
 o - a potion of flight {unknown}
 r - 3 potions of curing
 s - a potion of heal wounds
 x - a potion of might
 z - 3 potions of lignification {unknown}
 A - a potion of resistance {unknown}
 C - a potion of invisibility {unknown}
 F - a potion of mutation {unknown}
Books
 b - a book of Frost

   Spells                             Type                      Level
   a - Freeze                         Ice                          1
   b - Throw Frost                    Conjuration/Ice              2
   c - Ozocubu's Armour               Charms/Ice                   3
   d - Throw Icicle                   Conjuration/Ice              4
   e - Summon Ice Beast               Ice/Summoning                4
Comestibles
 c - 5 bread rations
 i - 4 meat rations


   Skills:
 + Level 5.1 Dodging
 - Level 1.7 Stealth
 + Level 5.0 Spellcasting
 - Level 1.0 Conjurations
 - Level 6.1 Ice Magic


You had 9 spell levels left.
You knew the following spells:

 Your Spells              Type           Power        Failure   Level  Hunger
a - Freeze                Ice            ####         1%          1    None
b - Ozocubu's Armour      Chrm/Ice       ###.....     11%         3    ##.....
c - Throw Icicle          Conj/Ice       ####....     28%         4    ####...


Dungeon Overview and Level Annotations

Branches:
Dungeon (5/15)
 Temple: D:4-7

Altars:

Annotations:
D:6 Eustachio


Innate Abilities, Weirdness & Mutations

You are mostly covered in rugged brown scales. (AC +2, +5% HP)
You may emit foul miasma when damaged in melee.
You sometimes gain a little power by taking damage.
You are immune to rotting.


Message History

The ice beast barely misses you. x2
You closely miss the ice beast.
The ice beast is heavily wounded.
The ice beast closely misses you.
You hit the ice beast but do no damage.
The ice beast is heavily wounded.
The ice beast barely misses you.
You hit the ice beast but do no damage.
The ice beast is heavily wounded.
The ice beast hits you. The ice beast freezes you.
You closely miss the ice beast.
The ice beast is heavily wounded.
The ice beast hits you.
* * * LOW HITPOINT WARNING * * *
The ice beast freezes you!
* * * LOW HITPOINT WARNING * * *
You hit the ice beast but do no damage.
The ice beast is heavily wounded.
The ice beast hits you.
You die...

##### ########...#
######....#.....#
#....(.(..#..Y..#
#.######..)..#@.#
###....#..#.#..#..#
.......#.....######
#####.....#...#
..#..#.#..#...#
..#.....#######
.....#...#
.....#....#
...######.#


You could see an ice beast.

Vanquished Creatures
  A hippogriff (D:5)
  Sigmund (D:3)
  A sky beast (D:6)
  An ogre (D:5)
  A centaur (D:6)
  A scorpion (D:4)
  A hound (D:4)
  2 orc wizards
  An orc priest (D:4)
  A bullfrog skeleton (D:4)
  3 worker ants (D:4)
  A hound skeleton (D:4)
  3 gnolls (D:6)
  7 adders
  2 river rats (Sewer)
  An ooze (D:1)
  An adder skeleton (D:4)
  2 dart slugs (D:1)
  7 leopard geckos
  9 orcs
  7 bats
  10 giant cockroaches
  5 goblins
  7 hobgoblins
  7 jackals (D:2)
  6 kobolds
  A quokka (D:2)
  2 ball pythons
  9 frilled lizards
  19 rats
120 creatures vanquished.

Notes
Turn   | Place    | Note
-------+----------+-------------------------------------------
     0 | D:1      | Darkell the Demonspawn Ice Elementalist began the quest for the Orb.
     0 | D:1      | Reached XP level 1. HP: 13/13 MP: 3/3
    14 | D:1      | Reached skill level 3 in Ice Magic
   345 | D:1      | Gained mutation: You are immune to rotting. [demonic ancestry]
   345 | D:1      | Reached XP level 2. HP: 18/19 MP: 1/5
   909 | D:1      | Reached XP level 3. HP: 21/24 MP: 3/6
  1589 | D:2      | Reached skill level 4 in Ice Magic
  1903 | D:2      | Gained mutation: You sometimes gain a little power by taking damage. [demonic ancestry]
  1903 | D:2      | Reached XP level 4. HP: 17/30 MP: 0/7
  2739 | D:3      | Noticed Sigmund
  2753 | D:3      | Reached skill level 5 in Ice Magic
  2924 | D:2      | Learned a level 3 spell: Ozocubu's Armour
  2932 | D:3      | Killed Sigmund
  2932 | D:3      | Reached skill level 6 in Ice Magic
  2932 | D:3      | Reached XP level 5. HP: 35/35 MP: 0/8
  2932 | D:3      | Gained mutation: You are partially covered in rugged brown scales. (AC +1, +3% HP) [demonic ancestry]
  2932 | D:3      | Reached XP level 6. HP: 35/42 MP: 0/9
  3927 | D:4      | Learned a level 4 spell: Throw Icicle
  4102 | D:4      | Found a glowing drain.
  4113 | Sewer    | Entered a sewer
  4854 | D:4      | Gained mutation: You may emit foul miasma when damaged in melee. [demonic ancestry]
  4854 | D:4      | Reached XP level 7. HP: 41/47 MP: 7/11
  5638 | D:5      | Entered Level 5 of the Dungeon
  5808 | D:5      | Noticed a hippogriff
  5822 | D:5      | Killed a hippogriff
  5954 | D:5      | You fall through a shaft!
  5963 | D:6      | Noticed Eustachio
  6017 | D:6      | Gained mutation: You are mostly covered in rugged brown scales. (AC +2, +5% HP) [demonic ancestry]
  6017 | D:6      | Reached XP level 8. HP: 20/54 MP: 3/15
  6230 | D:6      | Reached skill level 5 in Dodging
  6230 | D:6      | Reached skill level 5 in Spellcasting
  6243 | D:6      | Slain by an ice beast

Skill      XL: |  1  2  3  4  5  6  7  8 |
---------------+-------------------------+-----
Ice Magic      | 3 4 6 |  6.1
Dodging        | 3 4 5 |  5.1
Spellcasting   | 3 4 5 |  5.0
Stealth        | |  1.7
Conjurations   | |  1.0

Action                   |  1- 3 |  4- 6 |  7- 9 || total
-------------------------+-------+-------+-------++-------
Melee: Unarmed           |    62 |    27 |       ||    89
       Staff             |       |    61 |    15 ||    76
 Cast: Freeze            |    60 |    97 |    45 ||   202
       Ozocubu's Armour  |       |     1 |     1 ||     2
       Throw Icicle      |       |       |     4 ||     4
  Use: Potion            |     4 |     3 |     1 ||     8
       Scroll            |       |     6 |       ||     6
 Stab: Distracted        |     1 |       |       ||     1
       Sleeping          |     3 |     3 |       ||     6
  Eat: Chunk             |     4 |    10 |     5 ||    19
Armor: Robe              |    27 |    55 |     9 ||    91
Dodge: Dodged            |    84 |   118 |    50 ||   252
